 Dungeon Crawl Stone Soup version 0.26-a0-651-gb41185065b (webtiles) character file.

Game seed: 17122599558089669278

14718 smeego the Covert (level 12, -3/120 (121) HPs)
             Began as an Octopode Fighter on Oct 1, 2020.
             Was an Initiate of Gozag.
             Slain by Urug
             ... wielding a +2 eveningstar of distortion
              (12 damage)
             ... on level 10 of the Dungeon.
             The game lasted 00:28:17 (16697 turns).

smeego the Covert (Octopode Fighter)               Turns: 16697, Time: 00:28:18

HP:   -3/120 (121)  AC:  3    Str: 20    XL:     12   Next: 19%
MP:   0/17          EV: 17    Int: 16    God:    Gozag
Gold: 1807          SH: 11    Dex: 20    Spells: 14/18 levels left

rFire    . . .     SeeInvis +   G - +2 dagger (venom)
rCold    . . .     Faith    .   b - +0 kite shield
rNeg     . . .     Spirit   +   v - +2 hat
rPois    .         Reflect  .   p - amulet of guardian spirit
rElec    .         Harm     .   o - +6 ring of dexterity
rCorr    .         Rampage  .   C - +6 ring of intelligence
MR       .....                  (no ring)
Stlth    ..........             (no ring)
HPRegen  0.30/turn              (no ring)
MPRegen  0.15/turn              (no ring)
                                (no ring)
                                (no ring)

@: berserking, studying Throwing, very quick
A: almost no armour, stealthy swim, amphibious, 8 rings, constrict 8, antennae
1, tentacle spike 1, camouflage 1, see invisible, agile 1, gelatinous body 1
a: Potion Petition, Call Merchant, Bribe Branch, Renounce Religion


You were on level 10 of the Dungeon.
You worshipped Gozag.
Gozag was most pleased with you.
You visited 2 branches of the dungeon, and saw 11 of its levels.
You also visited: Bailey.

You collected 1963 gold pieces.
You paid 156 gold pieces to Gozag.

Inventory:

Hand Weapons
 a - a +0 long sword
 n - a +4 short sword
 G - a +2 dagger of venom (weapon)
Missiles
 d - 4 throwing nets
 m - 14 poisoned darts (quivered)
 A - 6 javelins
 F - 5 boomerangs
 J - 3 datura-tipped darts
 O - 4 atropa-tipped darts
Armour
 b - a +0 kite shield (worn)
 v - a +2 hat (worn)
Magical Staves
 I - an uncursed staff of death
Jewellery
 o - a +6 ring of dexterity (left tentacle)
 p - an amulet of guardian spirit (around mantle)
 C - a +6 ring of intelligence (right tentacle)
 H - an uncursed ring of fire
Wands
 e - a wand of iceblast (27)
 y - a wand of acid (4)
 L - a wand of random effects (13)
 N - a wand of disintegration (16)
Scrolls
 g - 6 scrolls of remove curse
 i - a scroll of vulnerability {unknown}
 l - a scroll of teleportation
 s - a scroll of blinking
 w - 3 scrolls of magic mapping
 z - 2 scrolls of enchant weapon
 B - a scroll of random uselessness
 D - a scroll of holy word {unknown}
 E - 3 scrolls of amnesia
 K - a scroll of fear {unknown}
Potions
 c - 2 potions of might
 f - a potion of berserk rage
 h - 2 potions of flight
 j - 3 potions of stabbing
 k - 2 potions of brilliance
 r - 2 potions of magic
 t - 4 potions of curing
 u - 4 potions of haste
 x - a potion of heal wounds
 M - a potion of cancellation {unknown}
Books
 q - a manual of Throwing


   Skills:
 + Level 7.0 Fighting
 + Level 8.2 Long Blades
 - Level 4.3 Throwing
 + Level 7.0 Dodging
 + Level 9.0 Stealth
 + Level 6.8 Shields
 + Level 6.1 Unarmed Combat
 + Level 3.5 Spellcasting
 * Level 5.8 Summonings
 * Level 5.9 Translocations
 - Level 3.7 Evocations


You had 14 spell levels left.
You knew the following spells:

 Your Spells              Type           Power        Failure   Level
a - Call Imp              Summ           ###.....     7%          2
b - Blink                 Tloc           N/A          6%          2

Your spell library contained the following spells:

 Spells                   Type           Power        Failure   Level
 Summon Guardian Golem    Hex/Summ       ##......     41%         3
 Magic Dart               Conj           #...         45%         1
 Slow                     Hex            #.......     58%         2
 Sublimation of Blood     Necr           #.........   58%         2
 Conjure Flame            Conj/Fire      #.......     83%         3
 Mephitic Cloud           Conj/Pois/Air  #.......     83%         3
 Summon Mana Viper        Hex/Summ       ##......     99%         5
 Agony                    Necr           #.......     100%        5
 Borgnjor's Vile Clutch   Necr/Erth      #.........   100%        5


Dungeon Overview and Level Annotations

Branches:
Dungeon (10/15)            Temple (1/1) D:7             Orc (0/2) D:10
 Bailey (visited)
   Lair: D:8-11

Altars:
Ashenzari
Cheibriados
Dithmenos
Elyvilon
Fedhas
Gozag
Hepliaklqana
Makhleb
Nemelex Xobeh
Okawaru
Qazlal
Ru
Sif Muna
Uskayaw
Vehumet
Wu Jian
Xom
Zin
The Shining One

Annotations:
D:10 Urug


Innate Abilities, Weirdness & Mutations

You cannot wear most types of armour.
You are very stealthy in the water. (Stealth+)
You are amphibious.
You can wear up to eight rings at the same time.
You can use your tentacles to constrict eight enemies at once.
Your skin changes colour to match your surroundings (Stealth+).
Your rubbery body absorbs attacks. (AC +1, EV +1)
You have a pair of small antennae on your head.
One of your tentacles bears a spike.
You have supernaturally acute eyesight. (SInv)
You are agile. (Dex +2)


Message History

You feel yourself moving faster!
You feel mighty!
You constrict Urug. You block Urug's attack.
You barely miss Urug.
You pierce Urug!
Urug is moderately wounded.
You constrict Urug. You hit Urug.
Urug is poisoned.
You squeeze Urug.
Urug is heavily wounded.
You constrict Urug. You hit Urug.
You pierce Urug!
Urug is severely wounded.
You constrict Urug.
Urug hits you with a +2 eveningstar of distortion!!
You blink.
You lose your grip on Urug.
Found a scratched emerald ring.
You feel a strong urge to attack something.
Urug hits you with a +2 eveningstar of distortion!!!
* * * LOW HITPOINT WARNING * * *
Space warps horribly around you!
You die...
Your body crumbles into a pile of gold.

### .. .#
############.#
#............#
#.####=#@##..#########
#.###o............ #.#
#ยง..........# #.#
##..$.### #.# ##
##.....# #.####
#....(.# #.....
#.#.###..## #<####
........(### #.####
#.#.#####.#[....#..#


You could see Urug (very poisoned).

Vanquished Creatures
  Gastronok (D:8)
  Harold (D:9)
  Erolcha (D:9)
  Pikel (D:9)
  An orc knight (Bailey)
  Maggie (D:9)
  A gargoyle (D:10)
  A centaur skeleton (D:10)
  2 kobold demonologists (Bailey)
  A troll (D:10)
  Prince Ribbit (D:6)
  2 hippogriffs (D:7)
  4 fire bats (D:9)
  11 yaks
  4 vampire mosquitoes (D:7)
  A hell hound (D:9)
  An acid dragon (D:10)
  A water moccasin (D:5)
  Duvessa (D:6)
  A phantom (D:6)
  3 sky beasts
  3 ice beasts
  17 orc warriors
  2 necrophages
  2 ogres
  2 centaurs
  Blork the orc (D:4)
  A bullfrog (D:9)
  Dowan (D:6)
  3 scorpions
  4 killer bees (D:8)
  8 wights
  7 electric eels
  4 howler monkeys
  2 bullfrog zombies
  A quasit (D:8)
  3 hounds
  3 jellies
  A centaur zombie (D:10)
  6 orc priests
  A gnoll shaman (D:9)
  13 orc wizards
  3 iguanas
  6 worker ants
  2 hound skeletons
  16 gnolls
  A worker ant zombie (D:5)
  14 adders
  A shadow imp (D:5)
  3 white imps
  3 ufetubi
  An ooze (D:4)
  2 adder zombies
  An adder skeleton (D:9)
  A worm (D:4)
  2 dart slugs (D:2)
  6 leopard geckos
  42 orcs
  9 bats
  6 giant cockroaches
  26 goblins
  13 hobgoblins
  7 jackals
  3 quokkas
  7 frilled lizards
  5 kobolds
  A leopard gecko skeleton (D:4)
  A quokka zombie (D:5)
  8 rats
316 creatures vanquished.

Notes
Turn   | Place    | Note
-------+----------+-------------------------------------------
     0 | D:1      | smeego the Octopode Fighter began the quest for the Orb.
     0 | D:1      | Reached XP level 1. HP: 16/16 MP: 1/1
   139 | D:1      | Reached XP level 2. HP: 21/21 MP: 2/2
   359 | D:1      | Reached skill level 1 in Stealth
   639 | D:2      | Reached XP level 3. HP: 14/26 MP: 3/3
  1110 | D:2      | Reached skill level 1 in Throwing
  1149 | D:2      | Reached skill level 1 in Unarmed Combat
  1149 | D:2      | Reached XP level 4. HP: 23/31 MP: 4/4
  1329 | D:2      | Reached skill level 2 in Stealth
  1477 | D:2      | Found a sparkling altar of Nemelex Xobeh.
  2057 | D:3      | Reached XP level 5. HP: 36/36 MP: 5/5
  2567 | D:3      | Gained mutation: You are somewhat resistant to further
                  | mutation. [potion of mutation]
  2567 | D:3      | Gained mutation: You occasionally shout uncontrollably at
                  | your foes. [potion of mutation]
  2567 | D:3      | Gained mutation: You expend magic power (3 MP) to
                  | strengthen your wands. [potion of mutation]
  2568 | D:3      | Lost mutation: You expend magic power (3 MP) to strengthen
                  | your wands. [potion of mutation]
  2568 | D:3      | Lost mutation: You are somewhat resistant to further
                  | mutation. [potion of mutation]
  2568 | D:3      | Lost mutation: You occasionally shout uncontrollably at
                  | your foes. [potion of mutation]
  2568 | D:3      | Gained mutation: You occasionally shout uncontrollably at
                  | your foes. [potion of mutation]
  2568 | D:3      | Gained mutation: You can translocate small distances at
                  | will. [potion of mutation]
  2568 | D:3      | Gained mutation: Your flesh is heat resistant. (rF+)
                  | [potion of mutation]
  2569 | D:3      | Lost mutation: You can translocate small distances at will.
                  | [potion of mutation]
  2569 | D:3      | Lost mutation: Your flesh is heat resistant. (rF+) [potion
                  | of mutation]
  2569 | D:3      | Lost mutation: You occasionally shout uncontrollably at
                  | your foes. [potion of mutation]
  2569 | D:3      | Gained mutation: One of your tentacles bears a spike.
                  | [potion of mutation]
  2569 | D:3      | Gained mutation: Your body sometimes deteriorates upon
                  | taking damage. [potion of mutation]
  2569 | D:3      | Gained mutation: You have a pair of small antennae on your
                  | head. [potion of mutation]
  3233 | D:3      | Reached XP level 6. HP: 38/42 MP: 4/6
  3464 | D:4      | HP: 2/42 [orc wizard/puff of frost (3)]
  3471 | D:3      | Reached skill level 3 in Stealth
  4004 | D:4      | Reached XP level 7. HP: 37/47 MP: 7/7
  4137 | D:4      | Noticed Blork the orc
  4150 | D:4      | Killed Blork the orc
  4647 | D:5      | Entered Level 5 of the Dungeon
  4657 | D:5      | Reached skill level 4 in Stealth
  4860 | D:5      | Reached XP level 8. HP: 54/54 MP: 8/8
  5231 | D:5      | Reached skill level 1 in Evocations
  5697 | D:5      | Reached skill level 5 in Long Blades
  5985 | D:6      | Found a glowing golden altar of the Shining One.
  5996 | D:6      | Noticed Prince Ribbit
  6584 | D:6      | Killed Prince Ribbit
  6844 | D:6      | Reached skill level 5 in Stealth
  6898 | D:6      | Noticed Duvessa
  6904 | D:6      | Noticed Dowan
  6907 | D:6      | Killed Duvessa
  6912 | D:6      | Killed Dowan
  7346 | D:7      | Reached XP level 9. HP: 41/60 MP: 6/9
  7668 | D:7      | Reached skill level 5 in Fighting
  7778 | D:7      | Reached skill level 5 in Dodging
  7779 | D:7      | Reached skill level 5 in Shields
  8262 | D:7      | Reached skill level 6 in Stealth
  9396 | D:7      | Found a staircase to the Ecumenical Temple.
  9599 | Temple   | Entered the Ecumenical Temple
  9649 | Temple   | Became a worshipper of Gozag Ym Sagoz the Greedy
  9740 | D:8      | Found a flagged portal.
  9770 | D:8      | Learned a level 2 spell: Call Imp
  9773 | D:8      | Learned a level 2 spell: Blink
  9774 | Bailey   | Entered a bailey
  9787 | Bailey   | Reached XP level 10. HP: 42/66 MP: 7/10
 10501 | Bailey   | Reached skill level 1 in Translocations
 10854 | Bailey   | Noticed an orc knight
 10924 | Bailey   | Reached skill level 1 in Summonings
 11035 | Bailey   | Found an iron altar of Okawaru.
 11035 | Bailey   | Noticed a kobold demonologist
 11036 | Bailey   | Noticed a kobold demonologist
 11049 | Bailey   | Noticed an orange demon
 11061 | Bailey   | Killed a kobold demonologist
 11102 | Bailey   | Reached skill level 1 in Spellcasting
 11172 | Bailey   | Noticed a sixfirhy
 11173 | Bailey   | Killed a kobold demonologist
 11173 | Bailey   | Reached skill level 7 in Stealth
 11404 | Bailey   | Identified the Grimoire of Creative Dark Arts
 11498 | Bailey   | Killed an orc knight
 11785 | Bailey   | Lost mutation: Your body sometimes deteriorates upon taking
                  | damage. [potion of mutation]
 11785 | Bailey   | Gained mutation: You have supernaturally acute eyesight.
                  | (SInv) [potion of mutation]
 11785 | Bailey   | Gained mutation: You are agile. (Dex +2) [potion of
                  | mutation]
 11786 | Bailey   | Acquired a manual of Throwing
 12018 | D:8      | Noticed Gastronok
 12036 | D:8      | Killed Gastronok
 12036 | D:8      | Reached skill level 5 in Unarmed Combat
 12036 | D:8      | Reached XP level 11. HP: 22/72 MP: 4/14
 13580 | D:9      | Reached skill level 8 in Stealth
 13844 | D:9      | Noticed Erolcha
 13852 | D:9      | Killed Erolcha
 13943 | D:9      | Noticed Maggie
 13951 | D:9      | Killed Maggie
 14134 | D:9      | Noticed Pikel
 14170 | D:9      | Killed Pikel
 14239 | D:9      | Noticed Harold
 14256 | D:9      | Killed Harold
 14277 | D:9      | Reached skill level 5 in Translocations
 14454 | D:9      | Found an opulent altar of Gozag.
 14501 | D:9      | Reached skill level 5 in Summonings
 15081 | D:10     | Entered Level 10 of the Dungeon
 15399 | D:10     | Noticed Urug
 15416 | D:10     | Reached XP level 12. HP: 79/79 MP: 17/17
 16129 | D:10     | Reached skill level 9 in Stealth
 16545 | D:10     | Found a staircase to the Orcish Mines.
 16697 | D:10     | Slain by Urug

Illustrated notes

Levels and vault maps discovered:
D:1:      elethiomel_arrival_quiet, layout_rooms
D:2:      layout_loops_corners, nemelex_xobeh_ov_fountains_minmay
D:3:      kennysheep_big_flooded_room, layout_basic
D:4:      layout_rooms, uniq_blork_the_orc
D:5:      layout_layer_cave
D:6:      layout_loops_ring, basic_altar, uniq_duvessa, uniq_prince_ribbit1
D:7:      layout_basic, minmay_temple_entry_fiery
D:8:      layout_loops_cross, enter_bailey_3, uniq_gastronok
D:9:      layout_irregular_city, basic_altar, hangedman_incinerator, uniq_pikel,
          uniq_erolcha, uniq_maggie, uniq_harold
D:10:     layout_loops_ring, erik_orc_2, uniq_urug
Temple:   grunt_wide_crystal_templ

Skill      XL: |  1  2  3  4  5  6  7  8  9 10 11 12 |
---------------+-------------------------------------+-----
Stealth        | 1 2 3 4 5 6 7 8 9 |  9.0
Throwing       | 1 2 3 4 |  4.3
Unarmed Combat | 1 2 3 4 5 6 |  6.1
Long Blades    | 3 4 5 7 8 |  8.2
Dodging        | 4 5 6 7 |  7.0
Fighting       | 4 5 6 7 |  7.0
Shields        | 4 5 6 |  6.8
Evocations     | 2 3 |  3.7
Translocations | 3 5 |  5.9
Summonings     | 3 5 |  5.8
Spellcasting   | 2 3 |  3.5

Action                   |  1- 3 |  4- 6 |  7- 9 | 10-12 || total
-------------------------+-------+-------+-------+-------++-------
Melee: Long sword        |    48 |    89 |   159 |    95 ||   391
       Constrict         |    11 |    32 |    54 |    86 ||   183
       Tentacles         |    10 |    24 |    52 |   126 ||   212
       Punch             |       |     1 |     4 |    25 ||    30
       Kick              |       |    18 |    89 |   210 ||   317
       Short sword       |       |       |     6 |       ||     6
       Dagger            |       |       |     1 |   252 ||   253
       Unarmed           |       |       |     6 |       ||     6
Throw: Dart              |       |    48 |    69 |   104 ||   221
       Boomerang         |       |       |     9 |    48 ||    57
       Javelin           |       |       |     2 |    10 ||    12
       Throwing net      |       |       |       |     1 ||     1
Evoke: Wand              |       |       |     2 |     6 ||     8
  Use: Scroll            |       |    12 |     6 |     5 ||    23
       Potion            |       |     4 |     2 |     3 ||     9
 Stab: Sleeping          |     9 |     9 |     6 |    17 ||    41
       Distracted        |       |       |     2 |     4 ||     6
Armor: Skin              |     9 |     5 |    17 |    12 ||    43
Dodge: Dodged            |    30 |    52 |    74 |   149 ||   305
Block: Kite shield       |    21 |    32 |    90 |   121 ||   264
       Rpst.: Long sword |    15 |     8 |    20 |    15 ||    58

Table legend: (Time is in decaauts)
 A = Elapsed time spent in this place.
 B = Non-inter-level travel time spent in this place.
 C = Inter-level travel time spent in this place.
 D = Time resting spent in this place.
 E = Time spent auto-exploring this place.
 F = Levels seen in this place.
 G = Mean time per level.
                   A        B        C        D        E       F      G
               +--------+--------+--------+--------+--------+-----+--------+
         Total |  16748 |  16174 |    574 |   4203 |   9095 |  12 | 1395.7 |
       Dungeon |  14667 |  14094 |    573 |   3625 |   8186 |  10 | 1466.7 |
        Temple |     59 |     59 |      0 |      0 |     36 |   1 |   59.0 |
        Bailey |   2021 |   2021 |      0 |    578 |    873 |   1 | 2021.0 |
               +--------+--------+--------+--------+--------+-----+--------+

Top non-repeatable levels by time:
     D:7: 2372 daAuts
  Bailey: 2021 daAuts
     D:3: 1972 daAuts
     D:8: 1725 daAuts
     D:9: 1644 daAuts
    D:10: 1586 daAuts
     D:6: 1311 daAuts
     D:2: 1164 daAuts
     D:5: 1153 daAuts
     D:4: 1102 daAuts
     D:1: 634 daAuts
  Temple: 59 daAuts
